 Dungeon Crawl Stone Soup version 0.30.0-20-g3615ddf2f0 (webtiles) character file.

Game seed: 17271152757722992799

71 qw the Chopper (level 4, -5/28 HPs)
             Began as a Gargoyle Fighter on May 29, 2023.
             Killed from afar by Robin (8 damage)
             ... with a puff of flame
             ... on level 3 of the Dungeon.
             The game lasted 00:00:32 (1376 turns).

qw the Chopper (Gargoyle Fighter)                   Turns: 1376, Time: 00:00:32

Health: -5/28      AC: 11    Str: 21    XL:     4   Next: 24%
Magic:  4/4        EV:  9    Int:  9    God:
Gold:   127        SH:  4    Dex:  9    Spells: 3/3 levels left

rFire   . . .        Y - +0 war axe
rCold   . . .        c - +0 buckler
rNeg    + . .        b - +0 scale mail
rPois   inf          (no helmet)
rElec   +            (no cloak)
rCorr   .            (no gloves)
SInv    .            k - +0 pair of boots
Will    .....        (no amulet) Stlth
                     (no ring)
HPRegen 0.24/turn    (no ring)
MPRegen 0.09/turn

%: no passive effects
@: brilliant
A: sickness immunity, AC +3, negative energy resistance 1, electricity
resistance, torment resistance 1, petrification resistance
a: no special abilities


You were on level 3 of the Dungeon.
You visited 1 branch of the dungeon, and saw 3 of its levels.

You collected 127 gold pieces.


Innate Abilities, Weirdness & Mutations

You are immune to sickness and miasma.
Your stone body is resilient. (AC +3)
You are immune to poison.
You resist negative energy. (rN+)
You are resistant to electric shocks. (rElec)
You are resistant to unholy torment.
You are immune to petrification.


   Skills:
 - Level 3.2 Fighting
 + Level 3.7 Axes
 - Level 1.0 Throwing
 - Level 3.2 Armour
 - Level 3.2 Shields


You had 3 spell levels left.
You didn't know any spells.
Your spell library was empty.

Inventory:

Hand Weapons
 i - a +0 whip
 Y - a +0 war axe (weapon)
Missiles
 g - 6 javelins (quivered)
 l - 5 boomerangs
Armour
 b - a +0 scale mail (worn)
 c - a +0 buckler (worn)
 k - a +0 pair of boots (worn)
Potions
 d - 2 potions of might
 f - a potion of degeneration {unknown}
 h - 2 potions of curing

Dungeon Overview and Level Annotations

Branches:
Dungeon (3/15)

Altars:

Annotations:
D:3 Grinder, Robin


Message History

The goblin barely misses you. The goblin hits you with a +0 club.
Grinder closely misses you. The goblin closely misses you.
You hit the goblin.
You kill the goblin!
You slash Grinder! You barely miss the goblin. x2
The goblin hits you with a +0 club. The goblin hits you but does no damage.
Grinder gestures at you. You resist with significant effort.
The ball python bites you. The ball python barely misses you.
You slash Grinder!
Grinder is heavily wounded.
You hit the goblin. You slash the ball python!
You kill the ball python!
You slash the goblin!
You kill the goblin!
The goblin unwields a +0 club.
The goblin wields a +0 sling.
The goblin shoots a sling bullet.
The sling bullet hits you. The goblin hits you but does no damage.
Robin roars a battlecry!
The goblins go into a battle-frenzy!
Grinder gestures at you.
You barely resist. Grinder hits you but does no damage.
You block the goblin's attack. Robin throws the goblin at you!
You block the goblin's attack. The goblin hits you with a +0 club.
You slash the goblin!
You kill the goblin!
You hit the goblin. You barely miss Grinder. You slash the goblin!
You kill the goblin!
You slash the goblin!
You kill the goblin!
The goblin hits you but does no damage.
Grinder says, "FISH!"
Grinder closely misses you.
You closely miss Grinder.
Grinder is heavily wounded.
You hit Robin. You hit the goblin.
You kill the goblin!
You hit the goblin but do no damage.
Robin zaps a wand.
The puff of flame hits you!
You die...

..........#. #
........... .##
#.........##...
##..............
.[..........#...
..<...........
...........#
......g5g.#
.##..>@).#
#.####.# # ...
##.# .# #


You could see Grinder, Robin and a goblin (strong).

Vanquished Creatures
  2 adders (D:2)
  A worm (D:2)
  A dart slug (D:2)
  3 ball pythons
  2 bats (D:2)
  An endoplasm (D:3)
  2 giant cockroaches
  12 goblins
  6 hobgoblins
  2 jackals (D:1)
  4 kobolds
  A quokka (D:2)
  4 frilled lizards (D:2)
  3 rats
44 creatures vanquished.

Notes
Turn   | Place    | Note
-------+----------+-------------------------------------------
     0 | D:1      | qw the Gargoyle Fighter began the quest for the Orb.
     0 | D:1      | Reached XP level 1. HP: 14/14 MP: 1/1
     0 | D:1      | 0 ||| qw: Version: 0.2-a-102-g2b76a06
     0 | D:1      | 0 ||| qw: Game counter: 458
     0 | D:1      | 0 ||| qw: Always use a shield: true
     0 | D:1      | 0 ||| qw: God list: Okawaru
     0 | D:1      | 0 ||| qw: Allow faded altars: false
     0 | D:1      | 0 ||| qw: Do Orc after D:15 true
     0 | D:1      | 0 ||| qw: Do second Lair branch before Depths: true
     0 | D:1      | 0 ||| qw: Lair rune preference: random
     0 | D:1      | 0 ||| qw: Plans: Normal, Zot:1-4, Slime:5, God:TSO, Crypt,
                  | Tomb, Pan, Hells, Abyss, Win
     0 | D:1      | 0 ||| PLANNING D:1-11
   181 | D:1      | 181 ||| Stepping ~*~*~tactically~*~*~ (stealth).
   182 | D:1      | 182 ||| Stepping ~*~*~tactically~*~*~ (stealth).
   189 | D:1      | Reached XP level 2. HP: 15/19 MP: 2/2
   208 | D:1      | 208 ||| DROPPING +0 club.
   498 | D:1      | 498 ||| READING scroll labelled TIJUKH YGRUSAC.
   499 | D:1      | 499 ||| READING scroll labelled UFFUIRGHUTO.
   503 | D:1      | 503 ||| DRINKING 2 inky potions.
   595 | D:2      | Reached skill level 3 in Axes
   609 | D:2      | Reached XP level 3. HP: 15/23 MP: 3/3
   678 | D:2      | Reached skill level 1 in Throwing
   886 | D:2      | 886 ||| Stepping ~*~*~tactically~*~*~ (hiding).
  1058 | D:2      | 1058 ||| Stepping ~*~*~tactically~*~*~ (hiding).
  1244 | D:2      | 1244 ||| UPGRADING to +0 pair of boots.
  1249 | D:2      | 1249 ||| READING scroll labelled SUMEUTI BIREFI.
  1250 | D:2      | 1250 ||| READING scroll labelled EDDEEL MAROA.
  1351 | D:2      | 1351 ||| DRINKING 3 fizzy pink potions.
  1352 | D:2      | 1352 ||| DROPPING 2 potions of brilliance.
  1364 | D:3      | Noticed Grinder
  1365 | D:3      | 1365 ||| Stepping ~*~*~tactically~*~*~ (hiding).
  1365 | D:3      | Noticed Robin
  1369 | D:3      | Reached XP level 4. HP: 19/28 MP: 4/4
  1373 | D:3      | HP: 5/28 [ball python (3)]
  1374 | D:3      | HP: 2/28 [goblin/+0 club[Robin] (2)]
  1376 | D:3      | Killed from afar by Robin

Levels and vault maps discovered:
D:1:      spicycebolla_green_bress_n_ham, layout_rooms, minmay_hedge_maze,
          hangedman_decor_push
D:2:      layout_basic
D:3:      layout_rooms, mainiacjoe_overflow_six_doors_small,
          dreamdust_ecumenical_altar_angels_and_demons, uniq_robin,
          uniq_jessica, uniq_grinder

Skill      XL: |  1  2  3 |
---------------+----------+-----
Axes           | 2 3 |  3.7
Throwing       | 1 |  1.0
Fighting       | |  3.2
Armour         | |  3.2
Shields        | |  3.2

Action                     |  1- 3 |  4- 6 || total
---------------------------+-------+-------++-------
  Melee: War axe           |    71 |     8 ||    79
  Throw: Javelin           |    27 |       ||    27
    Use: Scroll            |     4 |       ||     4
         Potion            |     2 |       ||     2
 Armour: Scale mail        |    39 |    10 ||    49
  Dodge: Dodged            |    30 |    11 ||    41
  Block: Buckler           |    21 |     2 ||    23

Table legend:
 A = Non-vault XP
 B = Vault XP
 C = Vault XP percentage of total XP
 D = Non-vault monster count
 E = Vault monster count
 F = Vault count percentage of total count
                 A         B        C        D         E       F
            +---------+---------+-------+---------+---------+-------
      Total |      84 |      20 |  19.2 |      33 |      11 |  25.0
            +---------+---------+-------+---------+---------+-------
        D:1 |      15 |       0 |   0.0 |       8 |       0 |   0.0
        D:2 |      65 |       0 |   0.0 |      22 |       0 |   0.0
        D:3 |       4 |      20 |  83.3 |       3 |      11 |  78.6
            +---------+---------+-------+---------+---------+-------
